Map: Submarine LE

Players

KingCobra

  • Race: Protoss Protoss
  • Spawn Location: 5:00

goblin - Winner!

  • Race: Protoss Protoss
  • League: Grandmaster
  • Spawn Location: 11:00

Event: DreamHack SC2 Masters 2020 Winter

VOD

Have the link to the VOD?

Description

Time

  • Played on: Oct. 14, 2020, 2:14 p.m.
  • Length: 2:55

All games in this series

Show
View Real Time Build Order
Export as new Build Order

KingCobra Protoss 

Build Orders:  

Get SALT Encoding   

  12  0:00  Probe (Chrono Boost)  
  13  0:09  Probe (Chrono Boost)  
  14  0:14  Probe (Chrono Boost)  
  15  0:21  Pylon  
  15  0:40  Forge  
  15  0:55  Pylon  
  15  0:57  Pylon  
  15  0:58  Pylon  
  15  1:08  Pylon  
  15  1:13  Photon Cannon  
  14  1:25  Photon Cannon  
  14  1:31  Pylon  
  14  2:05  Pylon  
  14  2:11  Pylon  
  14  2:19  Pylon x2  
  14  2:24  Photon Cannon  
  14  2:31  Photon Cannon  
  14  2:36  Photon Cannon  
  14  2:48  Photon Cannon  
Show
View Real Time Build Order
Export as new Build Order

goblin Protoss - Winner!

Build Orders:  

Get SALT Encoding   

  12  0:00  Probe  
  13  0:12  Probe  
  14  0:17  Pylon  
  14  0:24  Probe (Chrono Boost)  
  15  0:36  Probe (Chrono Boost)  
  15  0:37  Gateway  
  16  0:44  Probe (Chrono Boost)  
  16  0:47  Assimilator  
  17  0:51  Probe  
  18  1:04  Gateway  
  18  1:06  Probe  
  19  1:14  Gateway  
  19  1:22  Zealot (Chrono Boost)  
  22  1:30  Cybernetics Core  
  21  1:38  Pylon  
  21  1:45  Probe  
  21  2:03  Pylon  
  21  2:05  Stalker (Chrono Boost)  
  25  2:15  Assimilator  
  25  2:16  Stalker (Chrono Boost)  
  25  2:21  Shield Battery  
  24  2:39  Shield Battery  
Tags
 
Add a new tag
Caveats
  • Supply blocks, unpowered buildings, or Contaminate may cause inaccurate times.
  • Supply counts are checked every 10 seconds.